 Dungeon Sprint DCSS version 0.19.0-9-gfd783f2 (webtiles) character file.

10484 LORDOFBUTT the Ninja (level 11, -4/58 (59) HPs)
             Began as a Spriggan Assassin on Nov 7, 2016.
             Was the Champion of Dithmenos.
             Slain by an unseen horror (9 damage)
             ... in the Dungeon (Sprint I: "Red Sonja").
             The game lasted 00:08:59 (1417 turns).

LORDOFBUTT the Ninja (Spriggan Assassin)            Turns: 1417, Time: 00:09:00

HP:   -4/58 (59)    AC:  6    Str:  7    XL:     11   Next: 36%
MP:   17/19         EV: 18    Int: 10    God:    Dithmenos [******]
Gold: 380           SH:  0    Dex: 20    Spells: 0 memorised, 20 levels left

rFire  + . .     SeeInvis +     o - +0 short sword (distort)
rCold  . . .     Gourm    .     v - +1 robe {rF+}
rNeg   + + +     Faith    .     (shield restricted)
rPois  +         Spirit   .     (helmet restricted)
rElec  +         Reflect  .     z - +2 cloak {+Inv}
rCorr  .         Harm     .     (gloves unavailable)
MR     +....     NoTele   +     (boots unavailable)
Stlth  +++++++++.               r - amulet of Vitality {Regen+ HP+15}
                                y - ring "Culerh Zoadgh" {*Slow rElec rPois rN++ EV+1}
                                x - ring of positive energy

@: very slightly contaminated, invisible, very quick
A: unfitting armour, see invisible, clumsy 1, dopey 1, herbivore 3, speed 3,
frail 1, screaming 1, slow metabolism 2, subdued magic 1
a: Shadow Step, Shadow Form, Renounce Religion, Turn Visible


You were in the Dungeon.
You worshipped Dithmenos.
Dithmenos was exalted by your worship.
You were not hungry.

You visited 1 branch You collected 1831 gold pieces.
You spent 1451 gold pieces at shops.

Inventory:

Hand Weapons
 a - a +2 dagger
 b - a +0 blowgun
 o - a +0 short sword of distortion (weapon)
Missiles
 e - 8 poisoned needles
 f - 9 curare-tipped needles
Armour
 c - a +0 robe
 d - a +0 cloak
 v - a +1 robe of fire resistance (worn)
 z - a +2 cloak of invisibility (worn)
Jewellery
 r - the amulet of Vitality (around neck) {Regen+ HP+15}
   (You bought it in a shop in the Dungeon)

   [amulet of regeneration]

   It affects your health (+15).
   It increases your rate of regeneration.
 t - the amulet "Huivyj" {Inacc Int+3 SInv}
   (You found it in the Dungeon)

   [amulet of inaccuracy]

   It reduces the accuracy of all your attacks.
   It affects your intelligence (+3).
   It lets you see invisible.
 x - a ring of positive energy (left hand)
 y - the ring "Culerh Zoadgh" (right hand) {*Slow rElec rPois rN++ EV+1}
   (You bought it in a shop in the Dungeon)

   [ring of evasion]

   It affects your evasion (+1).
   It insulates you from electricity.
   It protects you from poison.
   It greatly protects you from negative energy.
   It may slow you when you take damage.
Scrolls
 m - a scroll of blinking
 n - a scroll of recharging {unknown}
 p - a scroll of remove curse {unknown}
 q - a scroll of magic mapping {unknown}
 s - a scroll of amnesia {unknown}
Potions
 h - 4 potions of curing
 i - a potion of heal wounds
 j - a potion of haste
 k - 2 potions of magic
 l - a potion of berserk rage
 u - 2 potions of lignification {unknown}
Books
 w - a book of Maledictions

   Spells                             Type                      Level
   a - Corona                         Hexes                        1
   b - Ensorcelled Hibernation        Hexes/Ice                    2
   c - Confuse                        Hexes                        3
   d - Tukima's Dance                 Hexes                        3
   e - Dazzling Spray                 Conjuration/Hexes            3
Comestibles
 g - a bread ration


   Skills:
 - Level 1.5 Fighting
 * Level 18.9 Short Blades
 - Level 2.0 Throwing
 - Level 1.5 Dodging
 O Level 27 Stealth
 * Level 5.0 Spellcasting
 * Level 4.0 Invocations
 * Level 5.3 Evocations


You had 20 spell levels left.
You didn't know any spells.

Dungeon Overview and Level Annotations

Branches:
Dungeon (1/1)

Altars:
Cheibriados
Dithmenos
Elyvilon
Fedhas
Gozag
Hepliaklqana
Kikubaaqudgha
Makhleb
Nemelex Xobeh
Okawaru
Qazlal
Ru
Sif Muna
Trog
Uskayaw
Vehumet
Xom
Yredelemnul
Zin
The Shining One
Jiyva
Lugonu

Shops:
D *(==*=[*=[[([*=[=:%[%


Innate Abilities, Weirdness & Mutations

You are very small and have problems with some larger weapons.
You are too small for most types of armour.
You have supernaturally acute eyesight. (SInv)
You are a herbivore.
You cover ground extremely quickly.
You need consume almost no food.
You are clumsy. (Dex -2)
You are dopey. (Int -2)
You are frail. (-10% HP)
You occasionally shout uncontrollably at your foes.
Your spells are a little easier to cast, but a little less powerful.


Message History

The unseen horror is severely wounded.
The unseen horror disappears!
The daeva calls down the wrath of the Shining One upon you.
The Shining One smites you!
* * * LOW HITPOINT WARNING * * *
You hit the unseen horror.
Space warps horribly around the unseen horror!
The unseen horror is heavily wounded.
Your shadow closely misses the unseen horror.
The unseen horror barely misses you. The unseen horror misses you.
The unseen horror closely misses you. The unseen horror barely misses you.
The unseen horror completely misses you.
You hit the unseen horror.
Space warps horribly around the unseen horror!
The unseen horror is almost dead.
Your shadow barely misses the unseen horror.
The unseen horror hits you.
* * * LOW HITPOINT WARNING * * *
The unseen horror hits you!
You die...

'..)#.%#§..§§§§....+
#...##.#§####.§§§.##
#)..'..#.# ##§§§#####
#####.†.§#+#$###§# )(##
#§.##.####..$#y#.##$$$#
§§§#...^.#..$###.§###$#
#..#^.^.....$$$##§#A#$#
##§###.)§#^....#x.###$#
##.'.#§.§###.'##@##..$#
.###.#.§## ###xx#+###
.∩##.#§§# ##x..
####.##'# ##.#
§§##.##[# .# §§§†.####
# ####.# ..§#§# ..#'§#


You could see a daeva and 4 unseen horrors.

Vanquished Creatures
  2 centaur warriors (D)
  Sonja (D)
  A deep troll (D)
  2 unseen horrors (D)
  A lindwurm (D)
  2 shining eyes (D)
  An oklob plant (D)
  A gargoyle (D)
  2 kobold demonologists (D)
  3 demonic crawlers (D)
  A hornet (D)
  A slime creature (D)
  Sigmund (D)
  2 redbacks (D)
  A yak (D)
  6 hogs (D)
  6 floating eyes (D)
  5 necrophages (D)
  An ogre (D)
  5 jellies (D)
  Ijyb (D)
  4 ballistomycetes (D)
50 creatures vanquished.

Vanquished Creatures (others)
  4 shining eyes (D)
  A gargoyle (D)
  2 hogs (D)
  A necrophage (D)
  3 jellies (D)
  2 ballistomycete spores (D)
13 creatures vanquished.

Grand Total: 63 creatures vanquished

Notes
Turn   | Place    | Note
-------+----------+-------------------------------------------
     0 | D        | LORDOFBUTT the Spriggan Assassin began the quest for the Orb.
     0 | D        | Reached XP level 1. HP: 10/10 MP: 2/2
     2 | D        | Noticed Ijyb
     5 | D        | Killed Ijyb
     5 | D        | Reached skill level 10 in Stealth
     5 | D        | Reached XP level 2. HP: 14/14 MP: 3/3
   108 | D        | Noticed an ogre
   110 | D        | Killed an ogre
   110 | D        | Reached skill level 14 in Stealth
   110 | D        | Reached XP level 3. HP: 18/18 MP: 4/4
   110 | D        | Reached XP level 4. HP: 22/22 MP: 5/5
   119 | D        | Noticed Sigmund
   122 | D        | Killed Sigmund
   122 | D        | Reached skill level 18 in Stealth
   122 | D        | Reached XP level 5. HP: 25/25 MP: 6/6
   122 | D        | Reached XP level 6. HP: 30/30 MP: 7/7
   135 | D        | Found a deep blue altar of Sif Muna.
   137 | D        | Found a radiant altar of Vehumet.
   143 | D        | Found Xeafamall's Jewellery Emporium.
   143 | D        | Found an ancient bone altar of Kikubaaqudgha.
   143 | D        | Found a hazy altar of Hepliaklqana.
   143 | D        | Found a stormy altar of Qazlal.
   143 | D        | Found a hide-covered altar of Uskayaw.
   143 | D        | Found a blossoming altar of Fedhas.
   143 | D        | Found a bloodstained altar of Trog.
   143 | D        | Found an iron altar of Okawaru.
   143 | D        | Found a basalt altar of Yredelemnul.
   143 | D        | Found a glowing golden altar of the Shining One.
   143 | D        | Found a snail-covered altar of Cheibriados.
   143 | D        | Found a sacrificial altar of Ru.
   143 | D        | Found a glowing silver altar of Zin.
   143 | D        | Found a shadowy altar of Dithmenos.
   143 | D        | Found a white marble altar of Elyvilon.
   143 | D        | Noticed a yak
   144 | D        | Found an opulent altar of Gozag.
   145 | D        | Killed a yak
   145 | D        | Reached skill level 20 in Stealth
   146 | D        | Found a sparkling altar of Nemelex Xobeh.
   154 | D        | Became a worshipper of Dithmenos the Shadowed
   195 | D        | Noticed Sonja
   199 | D        | Killed Sonja
   199 | D        | Reached skill level 23 in Stealth
   199 | D        | Reached XP level 7. HP: 33/33 MP: 8/8
   199 | D        | Reached XP level 8. HP: 37/37 MP: 9/9
   337 | D        | Noticed a deep troll
   341 | D        | Killed a deep troll
   341 | D        | Reached skill level 25 in Stealth
   371 | D        | Found Joij's Armour Emporium.
   407 | D        | Bought the amulet of Vitality {Regen+ HP+15} for 407 gold pieces
   465 | D        | Noticed a centaur warrior
   466 | D        | Noticed a centaur warrior
   469 | D        | Killed a centaur warrior
   469 | D        | Reached * piety under Dithmenos
   469 | D        | Reached skill level 27 in Stealth
   469 | D        | Reached XP level 9. HP: 41/41 MP: 10/10
   470 | D        | Killed a centaur warrior
   481 | D        | Killed a gargoyle
   489 | D        | Found a burning altar of Makhleb.
   489 | D        | Found a viscous altar of Jiyva.
   489 | D        | Found a shimmering altar of Xom.
   489 | D        | Found a corrupted altar of Lugonu.
   505 | D        | Noticed a kobold demonologist
   506 | D        | Noticed a kobold demonologist
   508 | D        | Killed a kobold demonologist
   508 | D        | Reached ** piety under Dithmenos
   508 | D        | Reached skill level 10 in Short Blades
   511 | D        | Killed a kobold demonologist
   515 | D        | Noticed a demonic crawler
   515 | D        | Noticed a demonic crawler
   515 | D        | Noticed a demonic crawler
   515 | D        | Noticed a demonic crawler
   517 | D        | Killed a demonic crawler
   517 | D        | Reached XP level 10. HP: 46/46 MP: 11/11
   518 | D        | Reached *** piety under Dithmenos
   564 | D        | Found Juseix's Assorted Antiques.
   568 | D        | Noticed a shining eye
   568 | D        | Noticed a shining eye
   568 | D        | Noticed a shining eye
   568 | D        | Noticed a shining eye
   568 | D        | Noticed a shining eye
   568 | D        | Noticed a shining eye
   570 | D        | Noticed a shining eye
   572 | D        | Noticed a shining eye
   579 | D        | Reached **** piety under Dithmenos
   579 | D        | Gained mutation: You are frail. (-10% HP) [a shining eye]
   583 | D        | Gained mutation: You are dopey. (Int -2) [a shining eye]
   586 | D        | Banished a shining eye
   590 | D        | Gained mutation: Your spells are a little easier to cast, but a little less powerful. [a shining eye]
   592 | D        | Banished a shining eye
   596 | D        | Gained mutation: You are clumsy. (Dex -2) [a shining eye]
   606 | D        | Gained mutation: You occasionally shout uncontrollably at your foes. [a shining eye]
   617 | D        | Killed a shining eye
   617 | D        | Reached skill level 15 in Short Blades
   626 | D        | Killed a shining eye
   647 | D        | Found Piwustr Faukk's Antique Weapon Shoppe.
   647 | D        | Found Ehirid's Assorted Antiques.
   647 | D        | Found Xamar's Jewellery Emporium.
   647 | D        | Found Ucvom's Jewellery Boutique.
   681 | D        | Bought a fuming sapphire potion for 18 gold pieces
   681 | D        | Bought a brown potion for 18 gold pieces
   698 | D        | Killed a shining eye
   748 | D        | Noticed an oklob plant
   750 | D        | Killed an oklob plant
   759 | D        | Reached ***** piety under Dithmenos
   781 | D        | Noticed an unseen horror
   782 | D        | Noticed an unseen horror
   788 | D        | Killed an unseen horror
   790 | D        | Killed an unseen horror
   790 | D        | Reached XP level 11. HP: 44/44 MP: 12/12
   822 | D        | HP: 1/59 [acid (4)]
   869 | D        | Paralysed by a floating eye for 3 turns
   875 | D        | Reached ****** piety under Dithmenos
   985 | D        | Got a crude iron amulet
   987 | D        | Identified the amulet "Huivyj" {Inacc Int+3 SInv} (You found it in the Dungeon)
  1019 | D        | Found Lepeg's General Store.
  1019 | D        | Found Ciqisutu's Antique Armour Shop.
  1019 | D        | Found Liohaz's Jewellery Boutique.
  1045 | D        | Found Umiok's Antique Armour Emporium.
  1045 | D        | Found Everub's Antique Armour Shop.
  1045 | D        | Found Sat Ifir's Antique Weapon Shoppe.
  1045 | D        | Found Yhuix Ythawn's Armour Boutique.
  1045 | D        | Found Wypp's General Store.
  1045 | D        | Found Zyuhef's Jewellery Shop.
  1045 | D        | Found Miadeeli's Armour Shoppe.
  1049 | D        | Found Hodghoys's Jewellery Boutique.
  1050 | D        | Found Pyheugax's Food Emporium.
  1050 | D        | Found Waell's Book Boutique.
  1051 | D        | Found Meg Ryiv's Food Emporium.
  1085 | D        | Bought a book of Maledictions for 275 gold pieces
  1091 | D        | Bought an uncursed ring of positive energy for 220 gold pieces
  1093 | D        | Bought the ring "Culerh Zoadgh" {*Slow rElec rPois rN++ EV+1} for 261 gold pieces
  1118 | D        | Bought an embroidered cloak for 252 gold pieces
  1226 | D        | Reached skill level 1 in Spellcasting
  1226 | D        | Reached skill level 1 in Invocations
  1226 | D        | Reached skill level 1 in Evocations
  1235 | D        | Noticed a lindwurm
  1237 | D        | Killed a lindwurm
  1251 | D        | Killed a shining eye
  1258 | D        | Noticed a lorocyproca
  1337 | D        | Reached skill level 5 in Evocations
  1358 | D        | Reached skill level 5 in Spellcasting
  1404 | D        | Noticed a daeva
  1409 | D        | Noticed an unseen horror
  1409 | D        | Noticed an unseen horror
  1409 | D        | Noticed an unseen horror
  1410 | D        | Noticed an unseen horror
  1410 | D        | Noticed an unseen horror
  1417 | D        | Slain by an unseen horror

Skill      XL: |  1  2  3  4  5  6  7  8  9 10 11 |
---------------+----------------------------------+-----
Stealth        | 10 14 18 23 27 | 27.0
Short Blades   | 3 12 18 | 18.9
Spellcasting   | 5 |  5.0
Invocations    | 4 |  4.0
Evocations     | 5 |  5.3
Fighting       | |  1.5
Throwing       | |  2.0
Dodging        | |  1.5

Action                   |  1- 3 |  4- 6 |  7- 9 | 10-12 || total
-------------------------+-------+-------+-------+-------++-------
Melee: Dagger            |     2 |     4 |       |       ||     6
       Short sword       |       |       |    27 |   181 ||   208
Invok: Shadow Step       |       |       |       |     1 ||     1
 Abil: Evoke Invisibilit |       |       |       |     1 ||     1
  Use: Potion            |       |       |       |     3 ||     3
 Stab: Sleeping          |     2 |     4 |     8 |    15 ||    29
Armor: Robe              |       |       |       |     3 ||     3
Dodge: Dodged            |       |       |       |    54 ||    54
